 Dungeon Crawl Stone Soup version 0.29-a0-371-g91724d5b39 (webtiles) character file.

Game seed: 11595753610186679246

35 Hubjo the Firebug (level 3, -2/30 HPs)
             Began as a Deep Elf Fire Elementalist on May 2, 2022.
             Slain by an adder (3 damage)
             ... on level 2 of the Dungeon.
             The game lasted 00:02:52 (2431 turns).

Hubjo the Firebug (Deep Elf Fire Elementalist)      Turns: 2431, Time: 00:02:53

Health: -2/30      AC: 21    Str:  5    XL:     3   Next: 16%
Magic:  8/10       EV:  2    Int: 19    God:
Gold:   120        SH:  0    Dex: 17    Spells: 8/9 levels left

rFire   . . .      SeeInvis .   i - +0 dagger
rCold   . . .      Faith    .   h - orb {*channel}
rNeg    . . .      Spirit   .   (body armour currently unavailable)
rPois   +          Reflect  .   (helmet currently unavailable)
rElec   .          Harm     .   (cloak currently unavailable)
rCorr   .          Rampage  .   (gloves currently unavailable)
Will    .....      NoTele   +   (boots currently unavailable)
Stlth   ++........              (no amulet)
HPRegen 0.10/turn               k - ring of wizardry
MPRegen 0.12/turn               (no ring)

@: tree-form, hasted, very quick
A: stationary, stasis, torment immunity, boosted hp
a: no special abilities


You were on level 2 of the Dungeon.
You were a tree.
You visited 1 branch of the dungeon, and saw 2 of its levels.

You collected 120 gold pieces.

Inventory:

Hand Weapons
 d - a +4 vorpal broad axe
 i - a +0 dagger (weapon)
Armour
 a - a +0 robe (melded)
 h - an orb of energy (worn)
Jewellery
 k - a ring of wizardry (left branch)
Scrolls
 c - a scroll of teleportation {unknown}
 f - a scroll of fear {unknown}
 g - a scroll of holy word {unknown}
Potions
 b - a potion of magic
 j - a potion of curing {unknown}


   Skills:
 * Level 1.3 Fighting
 - Level 2.4 Dodging
 + Level 3.0 Stealth
 + Level 3.5 Spellcasting
 - Level 1.1 Conjurations
 + Level 3.6 Fire Magic


You had 8 spell levels left.
You knew the following spells:

 Your Spells              Type           Power      Damage    Failure   Level
a - Foxfire               Conj/Fire      48%        2x1d6     2%          1

Your spell library contained the following spells:

 Spells                   Type           Power      Damage    Failure   Level
 Scorch                   Fire           34%        2d6       1%          2
 Sandblast                Erth           6%         2d5       6%          1
 Conjure Flame            Conj/Fire      12%        6-21      7%          3
 Inner Flame              Hex/Fire       10%        N/A       9%          3
 Flame Wave               Conj/Fire      12%        2d6       22%         4


Dungeon Overview and Level Annotations

Branches:
Dungeon (2/15)

Altars:
Fedhas
Gozag


Message History

There is not enough space to conjure foxfire!
There is not enough space to conjure foxfire!
Your foxfire dissipates!
The foxfire hits the adder.
The adder is moderately wounded.
The foxfire hits the adder.
The adder is heavily wounded.
The adder barely misses you. The adder bites you.
You are poisoned.
The adder poisons you! The adder completely misses you.
A hobgoblin comes into view.
You feel sick. The adder bites you.
* * * LOW HITPOINT WARNING * * *
* * * LOW HITPOINT WARNING * * *
You feel sick. The adder barely misses you.
It was a potion of lignification.
You turn into a tree.
Your +0 robe melds into your body.
Your roots penetrate the ground.
* * * LOW HITPOINT WARNING * * *
You feel sick.
The adder bites you but does no damage. x2
Your magical contamination has completely faded away.
It was a potion of haste.
You feel yourself speed up.
* * * LOW HITPOINT WARNING * * *
You feel sick.
The adder bites you but does no damage. x2
Gozag petitions for your drink to fail.
* * * LOW HITPOINT WARNING * * *
You feel sick. The adder bites you but does no damage.
You closely miss the adder.
The adder is moderately wounded.
* * * LOW HITPOINT WARNING * * *
You feel sick. The adder completely misses you.
This is a scroll of acquirement!
Something appears at your feet! The adder barely misses you.
The adder bites you but does no damage.
d - a +4 vorpal broad axe
* * * LOW HITPOINT WARNING * * *
You feel sick.
You are no longer poisoned.
The adder bites you.
You die...

#.# #..............###
#.# #.......##.<......
#.# #.##....##.#######
#.####.###..###.# #
#...........###.# #
######..........# #
#....###.#.# # #.#.##
#...# # #♣#.# ###.#######
#S#.# #........
###.#.#######.#.####
#...................
.......###.#######.#...##
######. .# #.#...## .≈ .
#.#...## ≈.. ## #.#.....
.≈.≈ #.###.##


You could see an adder (berserk, incited).

Vanquished Creatures
  A dart slug (D:2)
  An orc (D:2)
  5 bats
  A giant cockroach (D:1)
  3 goblins
  3 hobgoblins
  3 jackals (D:1)
  A quokka (D:2)
  2 ball pythons
  2 frilled lizards (D:1)
  5 kobolds
  A rat (D:1)
28 creatures vanquished.

Vanquished Creatures (collateral kills)
  3 foxfires (D:1)
3 creatures vanquished.

Vanquished Creatures (others)
  134 foxfires
134 creatures vanquished.

Grand Total: 165 creatures vanquished

Notes
Turn   | Place    | Note
-------+----------+-------------------------------------------
     0 | D:1      | Hubjo the Deep Elf Fire Elementalist began the quest for
                  | the Orb.
     0 | D:1      | Reached XP level 1. HP: 10/10 MP: 6/6
   226 | D:1      | Reached XP level 2. HP: 5/16 MP: 0/8
   668 | D:1      | Found a faded altar of an unknown god.
   672 | D:1      | Got Plato's Incunabulum of the Rocks
   673 | D:1      | Prayed at the altar of an unknown god.
   673 | D:1      | Became a worshipper of Gozag Ym Sagoz the Greedy
   700 | D:1      | Reached skill level 1 in Fighting
   786 | D:1      | Fell from the grace of Gozag
  1812 | D:2      | Reached XP level 3. HP: 14/20 MP: 5/9
  2033 | D:2      | Found a blossoming altar of Fedhas.
  2430 | D:2      | Identified a scroll of acquirement
  2430 | D:2      | Acquired a +4 vorpal broad axe
  2431 | D:2      | HP: 1/30 [poisoned by an adder]
  2431 | D:2      | Slain by an adder

Illustrated notes

Levels and vault maps discovered:
D:1:      saegor_arrival_fortress, layout_rooms,
          shapermc_ecumenical_altar_rom_forum, serial_park_tiny_pond
D:2:      layout_loops_ring, basic_altar, serial_rivers,
          chequers_serial_rivers_large_b, chequers_serial_rivers_marsh,
          chequers_serial_rivers_small_3, chequers_serial_rivers_micro_d,
          chequers_serial_rivers_small_b, chequers_serial_rivers_micro_b,
          minmay_3d_cube

Skill      XL: |  1  2 |
---------------+-------+-----
Fighting       | 1 |  1.3
Stealth        | 3 |  3.0
Dodging        | |  2.4
Spellcasting   | |  3.5
Conjurations   | |  1.1
Fire Magic     | |  3.6

Action                   || total
-------------------------++-------
Melee: Unarmed           ||    19
       Dagger            ||     1
 Cast: Foxfire           ||    85
Invok: Renounce Religion ||     1
  Use: Potion            ||     2
       Scroll            ||     1
Armor: Robe              ||     9
       Skin              ||     6
Dodge: Dodged            ||    20

Table legend: (Time is in decaauts)
 A = Elapsed time spent in this place.
 B = Non-inter-level travel time spent in this place.
 C = Inter-level travel time spent in this place.
 D = Time resting spent in this place.
 E = Time spent auto-exploring this place.
 F = Levels seen in this place.
 G = Mean time per level.
                   A        B        C        D        E       F      G
               +--------+--------+--------+--------+--------+-----+--------+
         Total |   2434 |   2360 |     74 |      0 |   2129 |   2 | 1217.0 |
       Dungeon |   2434 |   2360 |     74 |      0 |   2129 |   2 | 1217.0 |
               +--------+--------+--------+--------+--------+-----+--------+

Top non-repeatable levels by time:
     D:1: 1301 daAuts
     D:2: 1133 daAuts
